 Dungeon Crawl Stone Soup version 0.18-a0-1211-g828307d (webtiles) character file.

429 ololoev the Magician (level 6, -3/32 HPs)
             Began as a Deep Elf Fire Elementalist on Feb 2, 2016.
             Slain by a gnoll
             ... wielding a +0 club
              (6 damage)
             ... on level 5 of the Dungeon.
             The game lasted 00:05:48 (568 turns).

ololoev the Magician (Deep Elf Fire Elementalist)    Turns: 568, Time: 00:05:48

Health: -3/32      AC:  2    Str:  5    XL:     6   Next: 66%
Magic:  0/15       EV: 13    Int: 22    God:
Gold:   1          SH:  0    Dex: 15    Spells: 4 memorised, 4 levels left

rFire  . . .     SeeInvis .     a - +0 rapier (elec)
rCold  . . .     Gourm    .     m - +0 robe
rNeg   . . .     Faith    .     (no shield)
rPois  .         Spirit   .     (no helmet)
rElec  .         Dismiss  .     (no cloak)
rCorr  .         Reflect  .     (no gloves)
SustAt .         Harm     .     (no boots)
MR     .....                    (no amulet)
Stlth  ++........               (no ring)
                                (no ring)

@: not resistant to hostile enchantments, unstealthy
A: no striking features
a: no special abilities

Inventory:

Hand Weapons
 a - a +0 rapier of electrocution (weapon)
Missiles
 j - 2 throwing nets (quivered)
Armour
 m - a +0 robe (worn)
Scrolls
 h - 2 scrolls of identify {unknown}
 i - a scroll of remove curse {unknown}
Potions
 e - a potion of brilliance {unknown}
 k - a potion of mutation {unknown}
 l - a potion of lignification {unknown}
Books
 b - a book of Flames

   Spells                             Type                      Level
   a - Flame Tongue                   Conjuration/Fire             1
   b - Throw Flame                    Conjuration/Fire             2
   c - Conjure Flame                  Conjuration/Fire             3
   d - Inner Flame                    Hexes/Fire                   3
   e - Sticky Flame                   Conjuration/Fire             4
   f - Fireball                       Conjuration/Fire             5
Comestibles
 c - 2 bread rations
 d - a meat ration
 f - 2 chunks of flesh
 g - a royal jelly


   Skills:
 - Level 2.4 Dodging
 - Level 2.4 Stealth
 + Level 5.3 Spellcasting
 * Level 5.2 Conjurations
 * Level 5.3 Fire Magic


You had 4 spell levels left.
You knew the following spells:

 Your Spells              Type           Power        Failure   Level  Hunger
a - Flame Tongue          Conj/Fire      ####.        1%          1    None
b - Conjure Flame         Conj/Fire      ####....     3%          3    ##.....
c - Sticky Flame          Conj/Fire      ####....     12%         4    ####...
e - Inner Flame           Hex/Fire       ###.....     12%         3    ##.....


You were on level 5 of the Dungeon.
You were not hungry.

You visited 1 branch of the dungeon, and saw 5 of its levels.

You collected 29 gold pieces.
You spent 28 gold pieces at shops.

####### #.....#
#.....################
####............@g.....)#
.........##############)#
##......# #.# ##.##.### #.#
##...#.# #)#### .......#
#######g...## ##...### ##
#...#..<....#
###.##########??#...#.####..#
..........).##..#._.'.# #..#

Notes
Turn   | Place    | Note
--------------------------------------------------------------
     0 | D:1      | ololoev the Deep Elf Fire Elementalist began the quest for the Orb.
     0 | D:1      | Reached XP level 1. HP: 10/10 MP: 6/6
    49 | D:3      | Noticed Natasha
    57 | D:3      | Noticed a crimson imp
    58 | D:3      | Killed Natasha
    58 | D:3      | Reached XP level 2. HP: 7/15 MP: 0/8
    58 | D:3      | Reached XP level 3. HP: 8/19 MP: 0/9
    66 | D:3      | Learned a level 3 spell: Conjure Flame
    97 | D:4      | Found a shadowy altar of Dithmenos.
   139 | D:4      | Found Wyenugij's Food Shoppe.
   146 | D:4      | Reached skill level 4 in Fire Magic
   209 | D:4      | Noticed a phantom
   229 | D:4      | Killed a phantom
   229 | D:4      | Reached XP level 4. HP: 13/24 MP: 0/12
   229 | D:4      | Reached XP level 5. HP: 15/28 MP: 0/13
   345 | D:4      | Found Xoyjahou's Jewellery Boutique.
   352 | D:4      | Bought a cursed amulet of inaccuracy for 28 gold pieces
   393 | D:5      | Entered Level 5 of the Dungeon
   406 | D:5      | Noticed a phantom
   417 | D:5      | Killed a phantom
   417 | D:5      | Reached XP level 6. HP: 19/32 MP: 5/15
   423 | D:5      | Learned a level 4 spell: Sticky Flame
   427 | D:5      | Learned a level 3 spell: Inner Flame
   453 | D:5      | Noticed an ice beast
   455 | D:5      | Found an opulent altar of Gozag.
   467 | D:5      | Killed an ice beast
   467 | D:5      | Reached skill level 5 in Spellcasting
   467 | D:5      | Reached skill level 5 in Conjurations
   467 | D:5      | Reached skill level 5 in Fire Magic
   527 | D:5      | Found a glowing silver altar of Zin.
   551 | D:5      | HP: 1/32 [gnoll (5)]
   568 | D:5      | Slain by a gnoll

Dungeon Overview and Level Annotations

Branches:
Dungeon (5/15)
 Temple: D:4-7

Altars:
Dithmenos
Gozag
Zin

Shops:
D:4 %=


Message History

The flame tongue hits the gnoll shaman.
The gnoll shaman is lightly wounded.
Casting: Flame Tongue
Confirm with . or Enter, or press ? or * to list all spells.
Aiming: Flame Tongue
Press: ? - help, Shift-Dir - straight line, f/p - gnoll shaman
Aim: a gnoll shaman, wielding a club and wearing a robe (lightly wounded)
Okay, then.
Casting: Flame Tongue
Confirm with . or Enter, or press ? or * to list all spells.
Aiming: Sticky Flame
Press: ? - help, Shift-Dir - straight line, f/p - gnoll shaman
Aim: a gnoll shaman, wielding a club and wearing a robe (lightly wounded)
The sticky flame hits the gnoll shaman.
The gnoll shaman is moderately wounded.
The gnoll shaman is covered in liquid flames!
The gnoll shaman burns!
The gnoll shaman misses you.
The gnoll shaman burns!
The gnoll shaman calls upon its god to speed up something.
The gnoll shaman burns!
You kill the gnoll shaman!
Casting: Sticky Flame
Confirm with . or Enter, or press ? or * to list all spells.
Aiming: Flame Tongue
Press: ? - help, Shift-Dir - straight line, f - gnoll
Aim: a gnoll, wielding a club (fast)
The flame tongue hits the gnoll.
The gnoll is moderately wounded.
Casting: Flame Tongue
Confirm with . or Enter, or press ? or * to list all spells.
Aiming: Flame Tongue
Press: ? - help, Shift-Dir - straight line, f/p - gnoll
Aim: a gnoll, wielding a club (moderately wounded, fast)
The flame tongue hits the gnoll.
The gnoll is almost dead.
The gnoll barely misses you.
You hit the gnoll but do no damage.
The gnoll is almost dead.
The gnoll hits you with a club.
You die...

You could see a gnoll.

Vanquished Creatures
  An ice beast (D:5)
  2 phantoms
  An orc priest (D:4)
  A gnoll shaman (D:5)
  Natasha (D:3)
  An iguana (D:4)
  A worker ant (D:5)
  2 gnolls (D:5)
  A giant gecko (D:3)
  3 orcs
  2 giant cockroaches
  A ball python (D:1)
  A bat (D:3)
  3 giant newts
  A quokka skeleton (D:4)
22 creatures vanquished.

Action                   |  1- 3 |  4- 6 || total
-------------------------+-------+-------++-------
Melee: Long sword        |       |     3 ||     3
       Rapier            |       |     1 ||     1
 Cast: Flame Tongue      |    28 |    27 ||    55
       Sticky Flame      |       |     2 ||     2

Vault maps used:
D:1:      roderic_octagonal_star
D:2:      lemuel_zombie_altar_yredelemnul, uniq_sigmund, uniq_terence
D:3:      gammafunk_temple_overflow_forgotten, first_bread, uniq_robin,
          uniq_natasha
D:4:      kennysheep_little_box, serial_shops, shop, kennysheep_windowed_goal
D:5:      zin_scriptorium, lemuel_doored_altar, temple_pool_b, kennysheep_nub
